 Dungeon Crawl Stone Soup version 0.26-a0-651-gb41185065b (webtiles) character file.

Game seed: 3347361839783523690

159 Lanoc the Skirmisher (level 5, -2/46 HPs)
             Began as a Draconian Abyssal Knight on Oct 7, 2020.
             Was a Believer of Lugonu.
             Slain by an orc
             ... wielding a +0 flail
              (7 damage)
             ... on level 3 of the Dungeon.
             The game lasted 00:08:00 (2194 turns).

Lanoc the Skirmisher (Draconian Abyssal Knight)     Turns: 2194, Time: 00:08:00

Health: -2/46      AC:  5    Str: 14    XL:     5   Next: 17%
Magic:  7/7        EV: 13    Int: 12    God:    Lugonu [**....]
Gold:   136        SH:  0    Dex: 12    Spells: 4/4 levels left

rFire    . . .     SeeInvis .   a - +1 spear
rCold    . . .     Faith    .   (no shield)
rNeg     . . .     Spirit   .   (armour unavailable)
rPois    .         Reflect  .   (helmet restricted)
rElec    .         Harm     .   (no cloak)
rCorr    .         Rampage  .   (no gloves)
MR       .....                  (no boots)
Stlth    +.........             (no amulet)
HPRegen  0.15/turn              (no ring)
MPRegen  0.10/turn              (no ring)

@: about to teleport
A: unfitting armour, cold-blooded, AC +5
a: Depart the Abyss, Bend Space, Renounce Religion


You were on level 3 of the Dungeon.
You worshipped Lugonu.
Lugonu was pleased with you.
You visited 1 branch of the dungeon, and saw 3 of its levels.
You visited the Abyss 1 time.

You collected 136 gold pieces.

Inventory:

Hand Weapons
 a - a +1 spear (weapon)
Wands
 f - a wand of random effects (11)
Scrolls
 b - a scroll of teleportation
 c - a scroll of enchant armour {unknown}
 e - a scroll of enchant weapon {unknown}
 i - a scroll of immolation {unknown}
Potions
 d - a potion of flight


   Skills:
 + Level 4.3 Fighting
 + Level 3.2 Polearms
 + Level 3.0 Dodging
 + Level 3.3 Invocations


You had 4 spell levels left.
You didn't know any spells.
Your spell library was empty.

Dungeon Overview and Level Annotations

Branches:
Dungeon (3/15)

Altars:
Uskayaw

Annotations:
D:3 1 runed translucent door, Crazy Yiuf


Innate Abilities, Weirdness & Mutations

Your plain brown scales are hard. (AC +5)
You cannot fit into any form of body armour.
You are cold-blooded and may be slowed by cold attacks.


Message History

The orc priest is moderately wounded.
The orc priest looks braver for a moment.
The orc hits you with a +0 flail!
You hit the orc priest but do no damage.
The orc priest is moderately wounded.
The orc wizard casts a spell.
The orc wizard flickers and vanishes!
Deactivating autopickup; reactivate with Ctrl-A.
The orc priest completely misses you.
The orc priest mumbles some strange prayers to Beogh against you.
Beogh smites you!
The orc priest invokes the aid of Beogh against you.
Beogh smites you!
* * * LOW HITPOINT WARNING * * *
It was a potion of cancellation.
You feel magically purged.
The orc priest looks satisfied for a moment.
As you read the scroll labeled XEUDEA MYLL, it crumbles to dust.
You feel strangely unstable.
It was a scroll of teleportation.
The orc hits you with a +0 flail!
You die...

#### # ..# ... #.#
#..?### #.###
#...{o.##...############
#.o@..............#
###o....#########.#
.#####...## #.#
.........## #.#
########.# #.# #.#
#####.## ##+# #.......
##...## #.###.##
##.....## #.###.#


You could see 2 orc priests and an orc.

Vanquished Creatures
  Ijyb (D:3)
  An orc wizard (D:3)
  Robin (D:3)
  3 adders (D:2)
  A dart slug (D:1)
  5 orcs (D:3)
  4 giant cockroaches
  14 goblins
  7 hobgoblins
  6 jackals (D:1)
  6 kobolds
  4 bats
  5 frilled lizards
  3 rats
61 creatures vanquished.

Notes
Turn   | Place    | Note
-------+----------+-------------------------------------------
     0 | Abyss:1  | Lanoc the Draconian Abyssal Knight began the quest for the
                  | Orb.
     0 | Abyss:1  | Reached XP level 1. HP: 19/19 MP: 2/2
    50 | Abyss:1  | Noticed a thrashing horror
    51 | Abyss:1  | Noticed a tentacled starspawn
    53 | D:1      | Escaped the Abyss
   285 | D:1      | Reached XP level 2. HP: 24/26 MP: 3/3
   472 | D:1      | Reached * piety under Lugonu
   961 | D:1      | Reached XP level 3. HP: 33/33 MP: 4/4
  1037 | D:2      | Found a hide-covered altar of Uskayaw.
  1169 | D:2      | Reached XP level 4. HP: 27/40 MP: 6/6
  1343 | D:3      | Reached ** piety under Lugonu
  1421 | D:3      | Noticed Ijyb
  1466 | D:3      | Killed Ijyb
  1466 | D:3      | Reached skill level 4 in Fighting
  1782 | D:3      | Noticed Robin
  1796 | D:3      | Reached XP level 5. HP: 33/46 MP: 7/7
  1812 | D:3      | Killed Robin
  2106 | D:3      | Found a runed translucent door.
  2107 | D:3      | Noticed Crazy Yiuf
  2194 | D:3      | Slain by an orc

Illustrated notes

Levels and vault maps discovered:
D:1:      dpeg_arrival_round_c, layout_loops_corners, grunt_decor_fettered
D:2:      layout_rooms, lemuel_crystal_altar, lemuel_round_altar, moated_statue,
          minmay_liquid_box, minmay_tiny_reverse_x
D:3:      layout_loops_corners, riverfiend_overflow_shadow_ancestor,
          chequers_serial_rivers_micro_c, uniq_crazy_yiuf_cottage, uniq_ijyb,
          uniq_robin

Skill      XL: |  1  2  3  4 |
---------------+-------------+-----
Fighting       | 4 |  4.3
Polearms       | 3 |  3.2
Invocations    | 3 |  3.3
Dodging        | 3 |  3.0

Action                   |  1- 3 |  4- 6 || total
-------------------------+-------+-------++-------
Melee: Spear             |   135 |   132 ||   267
       Tailslap          |     8 |    10 ||    18
Invok: Depart the Abyss  |     1 |       ||     1
  Use: Potion            |       |     5 ||     5
       Scroll            |       |     1 ||     1
 Stab: Sleeping          |     1 |       ||     1
Armor: Skin              |    55 |    22 ||    77
Dodge: Dodged            |   103 |    59 ||   162

Table legend: (Time is in decaauts)
 A = Elapsed time spent in this place.
 B = Non-inter-level travel time spent in this place.
 C = Inter-level travel time spent in this place.
 D = Time resting spent in this place.
 E = Time spent auto-exploring this place.
 F = Levels seen in this place.
 G = Mean time per level.
                   A        B        C        D        E       F      G
               +--------+--------+--------+--------+--------+-----+--------+
         Total |   2166 |   2163 |      3 |    374 |   1345 |   4 |  541.5 |
       Dungeon |   2113 |   2110 |      3 |    374 |   1295 |   3 |  704.3 |
         Abyss |     53 |     53 |      0 |      0 |     50 |   1 |   53.0 |
               +--------+--------+--------+--------+--------+-----+--------+

Top non-repeatable levels by time:
     D:1: 927 daAuts
     D:3: 835 daAuts
     D:2: 350 daAuts
 Abyss:1: 53 daAuts
